 Dungeon Crawl Stone Soup version 0.25-a0-701-gb30f108f01 (webtiles) character file.

Game seed: 17254398429381445544, levelgen mode: deterministic

783 kae the Ruffian (level 7, -1/52 HPs)
             Began as a Grey Draconian Transmuter on Apr 3, 2020.
             Slain by a sky beast (6 damage)
             ... on level 5 of the Dungeon.
             The game lasted 00:06:56 (3950 turns).

kae the Ruffian (Grey Draconian Transmuter)         Turns: 3950, Time: 00:06:56

Health: -1/52      AC:  2    Str: 14    XL:     7   Next: 55%
Magic:  11/13      EV: 19    Int: 13    God:
Gold:   348        SH:  0    Dex: 17    Spells: 4/14 levels left

rFire    . . .     SeeInvis .     - Unarmed
rCold    . . .     Gourm    .   (shield currently unavailable)
rNeg     . . .     Faith    .   (armour unavailable)
rPois    x         Spirit   .   (helmet currently unavailable)
rElec    .         Reflect  .   (cloak currently unavailable)
rCorr    .         Harm     .   (gloves currently unavailable)
MR       .....                  (boots currently unavailable)
Stlth    ++........             (no amulet)
HPRegen  0.17/turn              (no ring)
MPRegen  0.13/turn              (no ring)

@: spider-form (expiring)
A: tiny, (walk through water), unfitting armour, AC +11
a: End Transformation


You were on level 5 of the Dungeon.
You were hungry.
You were a venomous arachnid creature.
You visited 1 branch of the dungeon, and saw 5 of its levels.
You also visited: Sewer.

You collected 348 gold pieces.

Inventory:

Missiles
 a - 93 arrows
Armour
 k - a +0 pair of gloves (melded)
Scrolls
 f - 2 scrolls of enchant weapon
 g - 3 scrolls of magic mapping
 h - 3 scrolls of teleportation
 j - a scroll of identify
 o - a scroll of amnesia
 p - 2 scrolls of remove curse
Potions
 b - 4 potions of lignification
 d - a potion of curing
 e - 2 potions of heal wounds
 i - a potion of stabbing
 m - a potion of brilliance
 n - 6 potions of flight
Comestibles
 c - 9 rations
 l - a chunk of flesh


   Skills:
 - Level 1.1 Fighting
 - Level 1.7 Dodging
 * Level 6.7 Unarmed Combat
 + Level 4.2 Spellcasting
 + Level 4.5 Transmutations


You had 4 spell levels left.
You knew the following spells:

 Your Spells              Type           Power        Failure   Level  Hunger
a - Beastly Appendage     Tmut           ##....       11%         1    None
b - Sticks to Snakes      Tmut           ##......     14%         2    ##.....
c - Spider Form           Tmut/Pois      #.........   45%         3    ###....
d - Ice Form              Ice/Tmut       #.......     80%         4    ####...

Your spell library contained the following spells:

 Spells                   Type           Power        Failure   Level  Hunger
 Blade Hands              Tmut           ##........   83%         5    ######.


Dungeon Overview and Level Annotations

Branches:
Dungeon (5/15)              Sewer (visited)
 Temple: D:4-7

Altars:
Nemelex Xobeh

Annotations:
D:4 3 runed translucent doors, NinaNina's ghost, novice TrMo


Innate Abilities, Weirdness & Mutations

((You can walk through water.))
((Your dull iron-grey scales are very hard. (AC +11)))
You cannot fit into any form of body armour.
((You can survive without breathing.))
((You are cold-blooded and may be slowed by cold attacks.))


Message History

You hit something.
Your transformation is almost over.
A sky beast appears from thin air!
Reactivating autopickup.
The sky beast hits you. The sky beast shocks you.
You closely miss the sky beast.
The sky beast is lightly wounded.
The sky beast misses you.
You hit the sky beast.
The sky beast is poisoned.
The sky beast is moderately wounded.
The sky beast flickers out of sight!
Deactivating autopickup; reactivate with Ctrl-A.
Something hits you.
* * * LOW HITPOINT WARNING * * *
Something shocks you.
* * * LOW HITPOINT WARNING * * *
You hit something. Something hits you.
* * * LOW HITPOINT WARNING * * *
Something shocks you.
You die...

#.# #.# #.# #.# #.#
######### ##.##
#.......####
.#####...###.##........
.....≈{s.....##.##)###.
.#####...######.# #
##.## #.# #.# #.# #(#
#.# #..# #+# #.# #..#
#.#####..# #........#
###.###.##


There were no monsters in sight!

Vanquished Creatures
  Grinder (D:4)
  A centaur (D:3)
  A vampire bat (D:4)
  A crimson imp (D:3)
  An orc priest (D:4)
  2 hounds
  2 merfolk sirens (Sewer)
  A hound skeleton (D:4)
  4 gnolls
  10 adders
  2 river rats (Sewer)
  2 oozes
  5 worms
  5 dart slugs
  5 leopard geckos
  10 orcs
  3 giant cockroaches
  5 hobgoblins
  5 kobolds
  4 ball pythons
  13 bats
  9 frilled lizards
  6 goblins
  31 rats
129 creatures vanquished.

Vanquished Creatures (collateral kills)
  A merfolk avatar (Sewer)
  A ball python (Sewer)
2 creatures vanquished.

Vanquished Creatures (others)
  2 fungi (D:4)
  2 plants (D:4)
4 creatures vanquished.

Grand Total: 135 creatures vanquished

Notes
Turn   | Place    | Note
-------+----------+-------------------------------------------
     0 | D:1      | kae the Draconian Transmuter began the quest for the Orb.
     0 | D:1      | Reached XP level 1. HP: 16/16 MP: 3/3
    57 | D:1      | Reached XP level 2. HP: 16/23 MP: 3/5
   277 | D:1      | Reached XP level 3. HP: 25/28 MP: 6/6
   693 | D:1      | Learned a level 2 spell: Sticks to Snakes
   697 | D:1      | Learned a level 3 spell: Spider Form
   747 | D:1      | Reached skill level 4 in Unarmed Combat
   881 | D:2      | Reached XP level 4. HP: 28/35 MP: 4/7
  1589 | D:3      | Reached XP level 5. HP: 34/40 MP: 5/9
  1975 | D:4      | Noticed a centaur
  1984 | D:3      | Killed a centaur
  1984 | D:3      | Reached skill level 5 in Unarmed Combat
  2272 | D:3      | HP: 1/40 [adder (3)]
  2280 | D:3      | Reached XP level 6. HP: 9/47 MP: 7/11
  2314 | D:4      | Noticed Grinder
  2314 | D:4      | Paralysed by Grinder for 3 turns
  2492 | D:4      | Found a runed translucent gate.
  2492 | D:4      | Found a runed translucent gate.
  2498 | D:4      | Found a runed translucent gate.
  2508 | D:4      | Paralysed by Grinder for 7 turns
  2510 | D:4      | Killed Grinder
  2510 | D:4      | Reached skill level 6 in Unarmed Combat
  2510 | D:4      | Your scales start taking on a dull iron-grey colour.
  2510 | D:4      | Reached XP level 7. HP: 39/52 MP: 9/12
  2510 | D:4      | Gained mutation: You can survive without breathing. [Grey
                  | Draconian growth]
  2518 | D:4      | Noticed NinaNina's ghost (novice TrMo)
  2556 | D:4      | Found a glowing drain.
  2565 | Sewer    | Entered a sewer
  3558 | D:4      | Found a sparkling altar of Nemelex Xobeh.
  3864 | D:5      | Entered Level 5 of the Dungeon
  3886 | D:5      | Learned a level 4 spell: Ice Form
  3950 | D:5      | Slain by a sky beast

Levels and vault maps discovered:
D:1:      roderic_crossed_star, layout_basic
D:2:      layout_basic
D:3:      layout_rooms
D:4:      cheibrodos_quashed, layout_cave_pools, gammafunk_ghost_nasty_kobolds,
          portal_sewer_entry_d, first_ration, minivault_26, roderic_batcave,
          kennysheep_decorative_pillar, hangedman_decor_slide_cut,
          nemelex_xobeh_ov_fountains_minmay, uniq_grinder
D:5:      layout_loops_corners, minivault_14

Skill      XL: |  1  2  3  4  5  6  7 |
---------------+----------------------+-----
Unarmed Combat | 4 5 6 |  6.7
Spellcasting   | 3 4 |  4.2
Transmutations | 3 4 |  4.5
Fighting       | |  1.1
Dodging        | |  1.7

Action                   |  1- 3 |  4- 6 |  7- 9 || total
-------------------------+-------+-------+-------++-------
Melee: Unarmed           |    80 |   121 |   204 ||   405
       Kick              |     5 |     1 |     2 ||     8
       Headbutt          |     5 |     1 |     3 ||     9
       Tailslap          |     6 |     4 |    18 ||    28
       Punch             |     1 |       |     2 ||     3
 Cast: Beastly Appendage |    13 |     4 |     6 ||    23
       Spider Form       |     2 |    17 |     3 ||    22
       Sticks to Snakes  |       |       |     2 ||     2
  Use: Scroll            |     4 |     6 |     3 ||    13
       Potion            |       |     4 |     1 ||     5
 Stab: Sleeping          |       |       |     1 ||     1
  Eat: Chunk             |       |     8 |     5 ||    13
Armor: Skin              |    12 |    17 |    89 ||   118
Dodge: Dodged            |    34 |   123 |   126 ||   283

Table legend:
 A = Non-vault XP
 B = Vault XP
 C = Vault XP percentage of total XP
 D = Non-vault monster count
 E = Vault monster count
 F = Vault count percentage of total count
                 A         B        C        D         E       F
            +---------+---------+-------+---------+---------+-------
      Total |     564 |     555 |  49.6 |      75 |      55 |  42.3
            +---------+---------+-------+---------+---------+-------
        D:1 |      68 |       0 |   0.0 |      27 |       0 |   0.0
        D:2 |      99 |       0 |   0.0 |      16 |       0 |   0.0
        D:3 |     221 |       0 |   0.0 |      19 |       0 |   0.0
        D:4 |     133 |     342 |  72.0 |      12 |      11 |  47.8
        D:5 |      43 |       0 |   0.0 |       1 |       0 |   0.0
      Sewer |       0 |     213 | 100.0 |       0 |      44 | 100.0
            +---------+---------+-------+---------+---------+-------
